AoeStats
← tseungsiupang

Arabia

505809871Analyzed
1v1 RM · 21d ago on Sep 11, 2026· 37m 58s· 2 players
Game mode
Random Map
Map size
Tiny (2 player)
Population
200
Speed
Normal
Resources
Standard
Victory
Conquest
Starting age
Dark Age
Ending age
Imperial Age
RankedLock teamsTeams togetherTeam positionsShared explorationLock speedFull tech treeHidden civsTurbo modeCheats
Victory
Defeat
🇲🇽 Teutons · Mexico
1577
+13
🇧🇷 Sicilians · Brazil
1500
-13
tseungsiupang
6:28 Loom
9:34 Feudal Age
15:36 Double-Bit Axe
16:36 Horse Collar
26:42 Castle Age
26:13 Forging
26:48 Scale Mail Armor
27:25 Pikeman
35:04 Crossbowman
38:13 Fletching
Snootydoor8937
5:44 Loom
8:37 Feudal Age
14:33 Double-Bit Axe
17:09 Horse Collar
19:42 Wheelbarrow
19:35 Scale Barding Armor
20:08 Forging
23:11 Wheelbarrow
25:45 Castle Age
25:38 Gold Mining
25:38 Stone Mining
27:08 Heavy Plow
27:19 Bow Saw
29:15 Iron Casting
30:24 Fletching
31:03 Scale Mail Armor
32:24 Chain Mail Armor
34:16 Bodkin Arrow
35:09 Arson
36:06 Hand Cart
35:36 Town Watch
Connection lost

Rejoining the realm…

Still unreachable

The connection could not be restored.

Session expired

The server has moved on; the page needs a fresh start.